 Dungeon Crawl Stone Soup version 0.30-a0-1018-g25214051b3 (webtiles) character file.

Game seed: 10703357250830945130

13356 funkygono the Cleaver (level 11, -7/95 HPs)
             Began as a Minotaur Fighter on Apr 7, 2023.
             Was a Follower of Okawaru.
             Mangled by a 14-headed hydra (11 damage)
             ... on level 2 of the Lair of Beasts on Apr 8, 2023.
             The game lasted 00:22:43 (11605 turns).

funkygono the Cleaver (Minotaur Fighter)           Turns: 11605, Time: 00:22:43

Health: -7/95      AC: 24    Str: 24    XL:     11   Next: 74%
Magic:  9/10       EV:  8    Int:  5    God:    Okawaru [*.....]
Gold:   424        SH: 11    Dex: 11    Spells: 10/10 levels left

rFire   . . .      SeeInvis .    a - +0 war axe (elec)
rCold   . . .      Faith    .    c - +0 buckler
rNeg    + . .      Spirit   .    K - +0 plate armour
rPois   .          Reflect  +    J - +0 hat {Stlth+}
rElec   .          Rampage  .    L - +1 cloak {Stlth+}
rCorr   .                        f - +0 pair of gloves
Will    .....                    q - +0 pair of boots Stlth
                                 g - amulet "Loptura" {Reflect rN+ Regen+ SH+5}
HPRegen 1.15/turn                l - +4 ring of protection
MPRegen 0.12/turn                (no ring)

@: no status effects
A: horns 2, retaliatory headbutt
a: Renounce Religion, Heroism


You were on level 2 of the Lair of Beasts.
You worshipped Okawaru.
Okawaru was aware of your devotion.
You visited 3 branches of the dungeon, and saw 12 of its levels.
You also visited: Sewer and Ossuary.

You collected 646 gold pieces.
You spent 222 gold pieces at shops.

Inventory:

Hand Weapons
 a - a +0 war axe of electrocution (weapon)
Missiles
 e - 4 boomerangs (quivered)
 z - 3 javelins
Armour
 c - a +0 buckler (worn)
 f - a +0 pair of gloves (worn)
 q - a +0 pair of boots (worn)
 J - a +0 hat of stealth (worn)
 K - a +0 plate armour (worn)
 L - a +1 cloak of stealth (worn)
Jewellery
 g - the amulet "Loptura" (around neck) {Reflect rN+ Regen+ SH+5}
   (You found it on level 3 of the Dungeon)

   [amulet of reflection]

   It reflects blocked missile attacks.
   rN:        It protects you from negative energy.
   Regen:     It increases your rate of health regeneration.
   SH:        It affects your SH (+5).
 l - a +4 ring of protection (left hand)
 A - an amulet of guardian spirit
Wands
 n - a wand of flame (32)
 r - a wand of iceblast (3)
Scrolls
 i - a scroll of blinking {unknown}
 s - 4 scrolls of teleportation
 t - 3 scrolls of magic mapping
 u - 3 scrolls of fog
 B - 3 scrolls of amnesia
 C - 6 scrolls of identify
 D - 2 scrolls of brand weapon
 G - a scroll of fear
 H - 2 scrolls of summoning
Potions
 b - 4 potions of flight
 d - 3 potions of ambrosia
 h - 2 potions of haste
 j - 2 potions of mutation
 m - 3 potions of curing
 o - a potion of magic
 v - 2 potions of might
 w - a potion of cancellation
 x - a potion of resistance


   Skills:
 + Level 8.7 Fighting
 + Level 14.7 Axes
 + Level 10.2 Armour
 + Level 5.0 Dodging
 + Level 2.2 Stealth
 + Level 11.0 Shields
 + Level 0.1 Invocations
 + Level 0.2 Evocations


You had 10 spell levels left.
You didn't know any spells.
Your spell library contained the following spells:

 Spells                   Type           Power      Damage    Failure   Level
 Apportation              Tloc           0%         N/A       100%        1
 Beastly Appendage        Tmut           0%         N/A       100%        1
 Necrotise                Necr           0%         1d4       100%        1
 Wereblood                Tmut           0%         N/A       100%        2
 Dazzling Flash           Conj/Hex       0%         N/A       100%        3
 Spider Form              Tmut/Pois      0%         N/A       100%        3
 Volatile Blastmotes      Fire/Tloc      0%         2d10      100%        3
 Iskenderun's Mystic Bla  Conj/Tloc      0%         2d3       100%        4
 Starburst                Conj/Fire      0%         6d3       100%        6
 Summon Small Mammal      Summ           Unusable   N/A       N/A         1

Dungeon Overview and Level Annotations

Branches:
Dungeon (9/15)             Temple (1/1) D:7            Lair (2/5) D:8
 Shoals (0/4) Lair:2        Sewer (visited)         Ossuary (visited)
  Snake: Lair:2-3    Spider: Lair:2-3       Orc: D:9-12

Altars:
Ashenzari
Dithmenos
Fedhas
Gozag
Hepliaklqana
Makhleb
Nemelex Xobeh
Okawaru
Qazlal
Ru
Sif Muna
Trog
Uskayaw
Vehumet
Wu Jian
Xom
Yredelemnul
Zin
The Shining One

Shops:
D:1 *[[*[   D:3 :*   D:5 [

Annotations:
D:6 2 runed translucent doors, Rueben's ghost, novice MiFi


Innate Abilities, Weirdness & Mutations

You have a pair of horns on your head.
You reflexively headbutt those who attack you in melee.


Message History

The 12-headed hydra bites you but does no damage.
The 12-headed hydra bites you!
* * * LOW HITPOINT WARNING * * *
The 12-headed hydra bites you but does no damage.
The water moccasin bites you but does no damage.
You slice one of the 12-headed hydra's heads off!
The 11-headed hydra grows two more!
You slash the 13-headed hydra! You headbutt the 13-headed hydra!
The 13-headed hydra is almost dead.
You hit the water moccasin.
The water moccasin bites you but does no damage.
The 13-headed hydra bites you but does no damage.
The 13-headed hydra completely misses you.
You block the 13-headed hydra's attack. The 13-headed hydra bites you.
* * * LOW HITPOINT WARNING * * *
You block the 13-headed hydra's attack.
The 13-headed hydra bites you but does no damage. x3
The 13-headed hydra closely misses you.
The 13-headed hydra bites you but does no damage. x3
The 13-headed hydra bites you.
* * * LOW HITPOINT WARNING * * *
The blink frog blinks!
You chop one of the 13-headed hydra's heads off!
The 12-headed hydra grows two more!
You slash the 14-headed hydra!
Your headbutt misses the 14-headed hydra.
The 14-headed hydra is almost dead.
You closely miss the water moccasin. You block the water moccasin's attack.
The 14-headed hydra completely misses you.
The 14-headed hydra bites you but does no damage.
You block the 14-headed hydra's attack. x2
The 14-headed hydra completely misses you.
You block the 14-headed hydra's attack.
The 14-headed hydra bites you but does no damage.
The 14-headed hydra bites you.
* * * LOW HITPOINT WARNING * * *
The 14-headed hydra bites you but does no damage.
The 14-headed hydra bites you.
* * * LOW HITPOINT WARNING * * *
The 14-headed hydra bites you!
You die...

......##.#........ ..
....................# .#
................##..##..
.....####.....F.#.......
###### #...............
### #............... ..#
##.......#....... ###
#P.......#§...... #
##.####P.@D...>.. ###
###†S...... ##.......
#..##.. ### .


You could see a 14-headed hydra, a blink frog and a water moccasin.

Vanquished Creatures
  Gastronok (D:8)
  A two-headed ogre (D:8)
  Amaemon (D:9)
  Pikel (D:6)
  A manticore (Lair:2)
  Maurice (D:8)
  A black mamba (Lair:2)
  An orange demon (D:9)
  3 cane toads
  Maggie (D:8)
  2 komodo dragons
  2 rime drakes
  Grinder (D:3)
  A wind drake (Lair:2)
  Sigmund (D:4)
  A wyvern (Lair:2)
  3 basilisks
  3 yaks (Lair:1)
  3 steam dragons
  Menkaure (D:7)
  2 water moccasins
  Pargi (Sewer)
  An orc warrior (D:8)
  3 sky beasts
  7 ice beasts
  An ogre (D:7)
  2 wolves (D:8)
  3 lemures (D:6)
  4 centaurs (Lair:1)
  5 bullfrogs
  4 elf zombies (Ossuary)
  A gnoll sergeant (D:6)
  4 scorpions
  9 wights
  6 killer bees (D:7)
  A howler monkey (D:8)
  4 electric eels (D:8)
  5 centaur zombies (Ossuary)
  2 human zombies (Ossuary)
  5 orc priests
  8 hounds
  A jelly (D:6)
  An iguana (D:6)
  5 orc wizards
  Natasha (thrice) (D:4)
  3 mummies (Ossuary)
  7 gnolls
  9 adders
  A white imp (D:5)
  2 ufetubi (D:4)
  3 adder zombies (Ossuary)
  3 worms
  2 dart slugs
  31 orcs
  10 ball pythons
  8 endoplasms
  9 giant cockroaches
  11 goblins
  10 hobgoblins
  2 jackals (D:1)
  8 kobolds
  6 quokkas
  5 bats
  13 frilled lizards
  2 gnoll zombies (Ossuary)
  A goblin zombie (Ossuary)
  4 hobgoblin zombies (Ossuary)
  3 jackal zombies (Ossuary)
  3 kobold zombies (Ossuary)
  5 quokka zombies (Ossuary)
  12 rats
  4 rat zombies (Ossuary)
295 creatures vanquished.

Vanquished Creatures (others)
  Sonja (Lair:1)
  An orc wizard (D:5)
  A fungus (Lair:1)
  19 plants
22 creatures vanquished.

Grand Total: 317 creatures vanquished

Notes
Turn   | Place    | Note
-------+----------+-------------------------------------------
     0 | D:1      | funkygono the Minotaur Fighter began the quest for the Orb.
     0 | D:1      | Reached XP level 1. HP: 19/19 MP: 0/0
   241 | D:1      | Reached XP level 2. HP: 27/27 MP: 1/1
   311 | D:1      | Found Xaqojef's Assorted Antiques.
   446 | D:1      | Found Laturgh's Antique Armour Boutique.
   507 | D:1      | Found Sidurgh's Antique Armour Boutique.
   700 | D:1      | Found Japhij's Antique Armour Shop.
   722 | D:1      | Reached skill level 3 in Axes
   742 | D:1      | Reached XP level 3. HP: 33/33 MP: 2/2
   753 | D:1      | Found Zuts's General Store.
   765 | D:1      | Bought a scroll of identify for 20 gold pieces
  1245 | D:2      | Found a shadowy altar of Dithmenos.
  1542 | D:2      | Reached XP level 4. HP: 29/40 MP: 3/3
  1549 | D:2      | HP: 1/40 [gnoll/+4 spear (4)]
  2104 | D:3      | Reached skill level 1 in Dodging
  2119 | D:3      | Identified the amulet "Loptura" {Reflect rN+ Regen+ SH+5}
  2262 | D:3      | Reached skill level 4 in Axes
  2262 | D:3      | Noticed an ice beast
  2270 | D:3      | Killed an ice beast
  2271 | D:3      | Reached skill level 5 in Armour
  2271 | D:3      | Reached XP level 5. HP: 7/46 MP: 4/4
  2535 | D:3      | Found Rureemp's Assorted Antiques.
  2584 | D:3      | Noticed Grinder
  2588 | D:3      | Paralysed by Grinder for 4 turns
  2607 | D:3      | Killed Grinder
  2608 | D:3      | Reached skill level 5 in Axes
  2608 | D:3      | Reached XP level 6. HP: 43/53 MP: 5/5
  2921 | D:3      | Found Paercheha's Vocational Training.
  3163 | D:4      | Noticed Sigmund
  3165 | D:4      | Noticed Natasha
  3191 | D:4      | Killed Sigmund
  3192 | D:4      | Reached skill level 6 in Axes
  3192 | D:4      | Reached skill level 5 in Shields
  3192 | D:4      | Reached XP level 7. HP: 58/60 MP: 6/6
  3193 | D:4      | Killed Natasha
  3312 | D:4      | Found a glowing golden altar of the Shining One.
  3719 | D:4      | Reached skill level 5 in Fighting
  3980 | D:4      | Noticed Natasha
  3986 | D:4      | Killed Natasha
  4065 | D:4      | Noticed Natasha
  4072 | D:4      | Killed Natasha
  4153 | D:1      | Bought a cloak for 99 gold pieces
  4193 | D:1      | Bought a pair of boots for 103 gold pieces
  4262 | D:5      | Entered Level 5 of the Dungeon
  4498 | D:5      | Found Peahadaa's Armour Shoppe.
  4571 | D:5      | Found a glowing drain.
  4576 | Sewer    | Entered a sewer
  4608 | Sewer    | Noticed Pargi
  4619 | Sewer    | Killed Pargi
  4620 | Sewer    | Reached skill level 7 in Axes
  4862 | D:5      | Reached XP level 8. HP: 35/68 MP: 7/7
  5704 | D:6      | Reached skill level 1 in Stealth
  5804 | D:6      | Noticed Pikel
  5830 | D:6      | Killed Pikel
  5831 | D:6      | Reached skill level 9 in Axes
  5979 | D:6      | Reached XP level 9. HP: 75/75 MP: 8/8
  6219 | D:6      | Identified the +0 spear of Lacutog {flame, Int+4}
  6477 | D:6      | Found a large runed translucent door.
  6477 | D:6      | Found a large runed translucent door.
  6480 | D:6      | Noticed Rueben's ghost (novice MiFi)
  6991 | D:7      | Found a sand-covered staircase.
  6995 | Ossuary  | Entered an ossuary
  7024 | Ossuary  | Reached skill level 10 in Axes
  7327 | D:7      | Reached skill level 11 in Axes
  7388 | D:7      | Noticed Menkaure
  7396 | D:7      | Killed Menkaure
  7561 | D:7      | Found a staircase to the Ecumenical Temple.
  7579 | Temple   | Entered the Ecumenical Temple
  7837 | D:7      | Reached XP level 10. HP: 62/84 MP: 9/9
  8620 | D:8      | Reached skill level 12 in Axes
  8833 | D:8      | Found a staircase to the Lair.
  8834 | D:8      | Noticed Maggie
  8874 | D:8      | Killed Maggie
  9003 | D:8      | Noticed Gastronok
  9017 | D:8      | Killed Gastronok
  9018 | D:8      | Reached skill level 13 in Axes
  9258 | D:8      | Noticed a two-headed ogre
  9263 | D:8      | Killed a two-headed ogre
  9341 | D:8      | Noticed Maurice
  9382 | D:8      | Killed Maurice
  9383 | D:8      | Reached XP level 11. HP: 94/94 MP: 10/10
  9737 | Lair:1   | Entered Level 1 of the Lair of Beasts
  9828 | D:9      | Noticed Amaemon
  9831 | D:9      | Found a shimmering altar of Xom.
  9863 | D:9      | Killed Amaemon
  9905 | D:9      | Found a shimmering blue altar of Sif Muna.
  9906 | D:9      | Found a shadowy altar of Dithmenos.
  9907 | D:9      | Found an iron altar of Okawaru.
  9917 | D:9      | Became a worshipper of Warmaster Okawaru
 10031 | Lair:1   | Found a burning altar of Makhleb.
 10045 | Lair:1   | Reached skill level 14 in Axes
 10544 | Lair:1   | Reached * piety under Okawaru
 10548 | Lair:1   | Noticed Sonja
 10559 | Lair:1   | HP: 3/95 [Sonja/+2 dagger of distortion (4)]
 10564 | Lair:1   | Killed Sonja
 10565 | Lair:1   | Reached skill level 10 in Shields
 10878 | Lair:2   | Found a staircase to the Shoals.
 10936 | Lair:2   | Reached skill level 5 in Dodging
 11024 | Lair:2   | Reached ** piety under Okawaru
 11135 | Lair:2   | Reached skill level 10 in Armour
 11590 | Lair:2   | Noticed a six-headed hydra
 11605 | Lair:2   | HP: 4/95 [14-headed hydra (6)]
 11605 | Lair:2   | Mangled by a 14-headed hydra

Illustrated notes

Levels and vault maps discovered:
D:1:      dpeg_arrival_morbid_curiosity, layout_loops_ring, serial_shops,
          nicolae_shop_trees, nicolae_shop_stone,
          nicolae_shop_overgrown_old_shop, shop_statue,
          nicolae_shop_temple_entry_statues_fountains
D:2:      minmay_recursive_quarters, layout_basic, basic_altar,
          due_unseen_surprise
D:3:      minmay_diamond_boxcup, layout_loops_ring, serial_shops, shop,
          corexii_hall_statues_s, nicolae_shop_vocational, uniq_grinder
D:4:      layout_basic, mainiacjoe_overflow_tiny_flanked, uniq_sigmund,
          uniq_natasha
D:5:      layout_basic, serial_shops, nicolae_shop_statue_plus,
          gup_sewer_entry_spiral
D:6:      layout_layer_cave, ebering_ghost_disaster_area, uniq_pikel
D:7:      layout_basic, temple_pool_b, lightli_ossuary_entry_decrepit_ruins,
          uniq_menkaure
D:8:      layout_loops_ring, hellmonk_lair_entry_icy, serial_bayou_lagoon_b,
          uniq_maurice, uniq_maggie, uniq_gastronok
D:9:      layout_stronghold, marbit_many_paths,
          chequers_temple_overflow_statue_of_worship,
          gammafunk_temple_overflow_statue, hiddenorc1_lemuel, serial_shops,
          shop, wad_floor_pattern_1, uniq_amaemon
Temple:   compressed_dpeg_circular_temple
Lair:1:   layout_regular_city, lemuel_centaur_altar, uniq_sonja
Lair:2:   layout_small_grid, minmay_shoals_entry_beasts, st_stairs_5,
          serial_bayou_shore_a

Skill      XL: |  1  2  3  4  5  6  7  8  9 10 11 |
---------------+----------------------------------+-----
Shields        | 4 5 6 8 9 11 | 11.0
Fighting       | 4 5 6 8 |  8.7
Armour         | 4 5 6 7 8 10 | 10.2
Axes           | 3 4 5 6 7 9 11 13 14 | 14.7
Dodging        | 1 2 4 5 |  5.0
Stealth        | 1 2 |  2.2
Invocations    | |  0.1
Evocations     | |  0.2

Action                     |  1- 3 |  4- 6 |  7- 9 | 10-12 || total
---------------------------+-------+-------+-------+-------++-------
  Melee: War axe           |   125 |   113 |   429 |   318 ||   985
         Headbutt          |    17 |    12 |    73 |    55 ||   157
 Invoke: Heroism           |       |       |       |     5 ||     5
  Evoke: Wand              |       |       |       |     2 ||     2
    Use: Potion            |       |     5 |     1 |     2 ||     8
         Scroll            |       |     9 |     8 |     3 ||    20
 Armour: Scale mail        |    68 |    25 |       |       ||    93
         Chain mail        |       |    18 |   224 |    50 ||   292
         Plate armour      |       |       |       |   147 ||   147
  Dodge: Dodged            |    47 |    42 |   147 |   104 ||   340
  Block: Buckler           |    40 |    45 |   220 |   147 ||   452
         Reflection        |       |     1 |       |    14 ||    15

Table legend: (Time is in decaauts)
 A = Elapsed time spent in this place.
 B = Non-inter-level travel time spent in this place.
 C = Inter-level travel time spent in this place.
 D = Time resting spent in this place.
 E = Time spent auto-exploring this place.
 F = Levels seen in this place.
 G = Mean time per level.
                   A        B        C        D        E       F      G
               +--------+--------+--------+--------+--------+-----+--------+
         Total |  11834 |  11288 |    546 |    512 |   7945 |  14 |  845.3 |
       Dungeon |   9491 |   9008 |    483 |    369 |   6444 |   9 | 1054.6 |
        Temple |     83 |     74 |      9 |      0 |     63 |   1 |   83.0 |
          Lair |   1693 |   1641 |     52 |    143 |   1198 |   2 |  846.5 |
         Sewer |    260 |    260 |      0 |      0 |    150 |   1 |  260.0 |
       Ossuary |    305 |    305 |      0 |      0 |     90 |   1 |  305.0 |
               +--------+--------+--------+--------+--------+-----+--------+

Top non-repeatable levels by time:
     D:8: 1437 daAuts
     D:6: 1315 daAuts
     D:5: 1267 daAuts
     D:2: 1117 daAuts
     D:3: 1096 daAuts
     D:1: 1094 daAuts
     D:4: 1047 daAuts
  Lair:1: 1015 daAuts
     D:7: 976 daAuts
  Lair:2: 677 daAuts
 Ossuary: 305 daAuts
   Sewer: 260 daAuts
     D:9: 137 daAuts
  Temple: 83 daAuts
